 Dungeon Crawl Stone Soup version 0.26-a0-651-gb41185065b (webtiles) character file.

Game seed: 12250486284729748980

(classic levelgen) 5005 EnegeticOcto the Cleaver (level 10, -3/92 HPs)
             Began as a Deep Dwarf Delver on Oct 24, 2020.
             Was a Priest of Makhleb.
             Slain by a chaos spawn (11 damage)
             ... summoned by an orc sorcerer
             ... led by Saint Roka
             ... on level 2 of the Orcish Mines.
             The game lasted 00:09:26 (1998 turns).

EnegeticOcto the Cleaver (Deep Dwarf Delver)        Turns: 1998, Time: 00:09:26

Health: -3/92      AC: 12    Str: 18    XL:     10   Next: 29%
Magic:  3/3        EV:  2    Int: 12    God:    Makhleb [***...]
Gold:   465        SH:  7    Dex: 14    Spells: 8/9 levels left

rFire    . . .     SeeInvis .   a - +0 broad axe
rCold    . . .     Faith    .   G - +0 kite shield (curse)
rNeg     . . .     Spirit   .   A - +0 plate armour
rPois    .         Reflect  .   (no helmet)
rElec    .         Harm     .   r - +1 cloak
rCorr    .         Rampage  .   (no gloves)
MR       +....                  (no boots)
Stlth    ..........             (no amulet)
HPRegen  0.00/turn              (no ring)
MPRegen  0.08/turn              (no ring)

@: very slightly contaminated, non-regenerating, very heavily drained, invisible
A: damage resistance, heal wounds, sense surroundings 2, no regeneration
a: Heal Wounds, Minor Destruction, Lesser Servant of Makhleb, Renounce Religion


You were on level 2 of the Orcish Mines.
You worshipped Makhleb.
Makhleb was most pleased with you.
You visited 3 branches of the dungeon, and saw 13 of its levels.

You collected 465 gold pieces.

Inventory:

Hand Weapons
 a - a +0 broad axe (weapon)
 j - a +0 hand axe
 s - the +8 halberd "Tuppiug" {vorpal, *Rage rF+ Int+6, unknown}
   (You found it on level 8 of the Dungeon)

   It inflicts extra damage upon your enemies.
   It affects your intelligence (+6).
   It protects you from fire.
   It may make you go berserk in combat.
Missiles
 o - 17 poisoned darts (quivered)
Armour
 b - a +0 leather armour
 k - a +0 scale mail
 q - a +0 buckler
 r - a +1 cloak (worn)
 u - a +0 chain mail
 A - a +0 plate armour (worn)
 G - a cursed +0 kite shield (worn)
Wands
 g - a wand of digging (2) {@v3}
 m - a wand of paralysis (5)
 t - a wand of enslavement (11)
 w - a wand of random effects (35)
 B - a wand of acid (3) {@v1}
 E - a wand of flame (31)
Scrolls
 c - 4 scrolls of fog
 d - a scroll of magic mapping {@r5}
 e - a scroll of fear
 x - a scroll of blinking
 y - 2 scrolls of identify {@r1}
 C - a scroll of remove curse {@r2}
Potions
 f - a potion of haste {@q4}
 i - 4 potions of brilliance {unknown}
 l - a potion of lignification {unknown}
 n - a potion of curing {unknown}
 p - a potion of cancellation {unknown}
 v - a potion of magic {unknown}
 z - a potion of might {unknown}
 D - a potion of ambrosia {unknown}
Miscellaneous
 F - a phial of floods


   Skills:
 + Level 6.7(1.6) Fighting
 * Level 11.4(5.6) Axes
 - Level 2.1(0.0) Dodging
 - Level 6.0(0.9) Stealth
 + Level 6.1(1.0) Translocations
 + Level 8.8(3.3) Invocations


You had 8 spell levels left.
You knew the following spells:

 Your Spells              Type           Power        Failure   Level
a - Apportation           Tloc           #.....       100%        1

Your spell library contained the following spells:

 Spells                   Type           Power        Failure   Level
 Lesser Beckoning         Tloc           #.........   100%        3
 Tukima's Dance           Hex            #.......     100%        3
 Alistair's Intoxication  Tmut/Pois      #........    100%        5
 Invisibility             Hex            #.......     100%        6


Dungeon Overview and Level Annotations

Branches:
Dungeon (12/15)            Temple (1/1) D:4            Lair (0/6) D:11
    Orc (2/2) D:12
    Elf: Orc:2

Altars:
Cheibriados
Elyvilon
Fedhas
Gozag
Kikubaaqudgha
Makhleb
Nemelex Xobeh
Okawaru
Qazlal
Uskayaw
Wu Jian
Xom
Zin
Jiyva

Annotations:
Orc:2 Saint Roka


Innate Abilities, Weirdness & Mutations

You are resistant to damage.
You can heal yourself by infusing magical energy.
You passively map the area around you.
You do not regenerate.


Message History

You feel better.
Your plate armour prevents you from hitting the orc priest.
You closely miss the orc warrior. Your hellwing hits the orc warrior!
Your hellwing closely misses the orc warrior.
Your orange demon stings the orc wizard!
The orc wizard dies!
Makhleb accepts your kill. The warg bites your orange demon!
The orc priest barely misses you.
The orc hits your hellwing but does no damage.
The orc hits you but does no damage.
The orc warrior hits your hellwing with a +0 long sword!
The orc warrior hits you from afar with a +0 halberd!
An orc comes into view. It is wielding a +0 whip.
An orc comes into view. It is wielding a +0 flail.
Your orange demon barely misses the warg.
Your orange demon closely misses the warg.
Your hellwing barely misses the orc warrior. x2
The orc hits your hellwing with a +0 flail.
You slash the orc!
The orc is almost dead.
You hit the orc priest but do no damage.
You strike the helpless orc warrior from behind!
You hit the orc warrior but do no damage.
The warg closely misses your orange demon.
The orc priest hits you but does no damage.
The orc barely misses your hellwing. The orc sorcerer casts a spell at you.
The bolt of fire hits the orc!!
The orc dies!
The bolt of fire hits the orc!!!
The orc dies!
The bolt of fire hits you!!
* * * LOW HITPOINT WARNING * * *
The warg closely misses your orange demon.
Your hellwing barely misses the orc warrior.
Your hellwing hits the orc warrior!
Your orange demon stings the warg but does no damage.
Your orange demon barely misses the warg.
The orc warrior hits you from afar with a +0 halberd.
You block the orc warrior's attack.
The orc hits your hellwing but does no damage.
The orc priest hits you but does no damage.
Your hellwing hits the orc warrior!
The orc warrior dies!
Makhleb accepts your kill.
Your orange demon completely misses the warg.
You block the orc warrior's attack. You block the orc priest's attack.
Items here: $ )))) [[ †††.
You feel much better. The warg bites you but does no damage.
Your hellwing misses the orc sorcerer. Your hellwing hits the orc sorcerer.
Your orange demon stings the warg from afar.
The orc priest calls upon Beogh to heal the orc sorcerer.
The orc sorcerer's wounds heal themselves!
You block the warg's attack.
The orc priest miscasts a cantrip.
The orc warrior hits you with a +0 halberd.
You fade into invisibility!
The orc warrior hits you from afar with a +0 halberd.
Your hellwing closely misses the orc sorcerer.
Your hellwing hits the orc sorcerer.
Your orange demon stings the warg from afar!
The warg bites you.
The orc priest hits your hellwing but does no damage.
The orc priest hits you but does no damage.
The orc sorcerer hits your hellwing but does no damage.
You are very lightly contaminated with residual magic.
You miss the warg.
The warg is heavily wounded.
You miss the chaos spawn.
Your plate armour prevents you from hitting the orc priest.
You slash the orc warrior!
The orc warrior hits you but does no damage.
The chaos spawn hits you.
You are engulfed in flames!
* * * LOW HITPOINT WARNING * * *
The warg bites you but does no damage.
The orc warrior hits you from afar with a +0 halberd!
* * * LOW HITPOINT WARNING * * *
An orc comes into view. It is wielding a +0 flail.
Your hellwing hits the orc sorcerer.
Your hellwing closely misses the orc sorcerer.
Your orange demon barely misses the warg.
The orcs go into a battle-frenzy!
The orc sorcerer hits your hellwing but does no damage.
You block the orc priest's attack. The warg bites you but does no damage.
The chaos spawn gores you but does no damage.
You hit the warg.
The warg is severely wounded.
You barely miss the orc warrior. You closely miss the orc priest.
Your plate armour prevents you from hitting the chaos spawn.
A warg comes into view.
You block the orc warrior's attack.
Your hellwing hits the orc sorcerer!
Your hellwing barely misses the orc sorcerer.
Your orange demon stings the warg from afar.
The warg bites you!
* * * LOW HITPOINT WARNING * * *
Saint Roka the Messiah comes into view.
They are wielding a +0 halberd of protection and wearing a +4 chain mail of magic resistance.
You block the orc priest's attack.
The orc sorcerer barely misses your hellwing.
The chaos spawn hits you!
You die...

.#.......#..........##
*
#.#..#...#........$.#
* **
,,...##...<........##
*, * *
#.##........)...## * ,
, , ................#
* * ...............##
, , #.......).......#
, .#...)4o.........# *
,* , ,
.....)o@).......##, ,
, .....oh44......##*
,, .....oooo.....##*
,∩ , , .......o......#
* , , , ,,,
................ , , ,
, ,......o....$..$. ,
, ,,, ,
...........$...#* , ,,
, ....o...h#..... , ,
, , ,,, , , , ,


You could see Saint Roka, a chaos spawn (summoned), 2 wargs, an orc sorcerer
(strong), 2 orc warriors, 2 orc priests, 4 orcs, a friendly orange demon
(summoned) and a friendly hellwing (summoned).

Vanquished Creatures
  2 trolls
  7 orc warriors
  2 sky beasts
  3 ice beasts
  9 ogres
  4 centaurs
  3 big kobolds
  2 bullfrogs
  3 gnoll sergeants (D:12)
  A scorpion (D:8)
  2 killer bees (D:8)
  10 wights
  A howler monkey (D:9)
  An electric eel (D:8)
  2 bullfrog zombies
  2 jellies
  2 hounds
  3 orc priests
  9 orc wizards
  4 iguanas
  3 worker ants
  A killer bee zombie (D:8)
  A hound skeleton (D:4)
  2 worker ant zombies
  A gnoll (D:12)
  2 adders
  2 shadow imps
  2 white imps
  An ufetubus (D:7)
  An ooze (D:4)
  A leopard gecko (D:7)
  31 orcs
  2 giant cockroaches
  2 quokkas (D:10)
  2 jackal zombies (D:6)
  A quokka zombie (D:8)
127 creatures vanquished.

Vanquished Creatures (collateral kills)
  2 wargs (Orc:2)
  4 orc warriors
  An ogre (Orc:2)
  2 orc priests (Orc:2)
  2 orc wizards (Orc:2)
  8 orcs (Orc:2)
19 creatures vanquished.

Vanquished Creatures (others)
  2 orcs (Orc:2)
2 creatures vanquished.

Grand Total: 148 creatures vanquished

Notes
Turn   | Place    | Note
-------+----------+-------------------------------------------
     0 | D:5      | EnegeticOcto the Deep Dwarf Delver began the quest for the
                  | Orb.
     0 | D:5      | Reached XP level 1. HP: 20/20 MP: 1/1
     1 | D:6      | Noticed a worker ant
     4 | D:6      | Killed a worker ant
     4 | D:6      | Reached skill level 3 in Axes
     4 | D:6      | Reached XP level 2. HP: 27/27 MP: 2/2
    48 | D:6      | Reached XP level 3. HP: 33/33 MP: 3/3
    75 | D:6      | Reached skill level 4 in Axes
   125 | D:4      | Reached XP level 4. HP: 30/40 MP: 4/4
   128 | D:4      | Found a staircase to the Ecumenical Temple.
   132 | D:4      | Reached skill level 5 in Axes
   137 | Temple   | Entered the Ecumenical Temple
   175 | Temple   | Became a worshipper of Makhleb the Destroyer
   257 | D:5      | Noticed a centaur
   263 | D:5      | Killed a centaur
   263 | D:5      | Reached skill level 1 in Invocations
   263 | D:5      | Reached XP level 5. HP: 29/49 MP: 4/6
   307 | D:6      | Found a shimmering altar of Xom.
   308 | D:6      | Noticed an ogre
   313 | D:6      | Noticed a centaur
   329 | D:6      | Killed a centaur
   329 | D:6      | Reached skill level 6 in Axes
   330 | D:6      | Killed an ogre
   330 | D:6      | Reached XP level 6. HP: 34/56 MP: 6/8
   521 | D:8      | Got an iridescent halberd
   523 | D:8      | Found a sparkling altar of Nemelex Xobeh.
   587 | D:8      | Reached XP level 7. HP: 56/63 MP: 8/8
   588 | D:8      | Reached * piety under Makhleb
   595 | D:8      | Reached skill level 7 in Axes
   698 | D:8      | Found a glowing silver altar of Zin.
   698 | D:8      | Found an ornate altar of the Wu Jian Council.
   699 | D:8      | Found an opulent altar of Gozag.
   767 | D:9      | Found a hide-covered altar of Uskayaw.
   775 | D:9      | Learned a level 1 spell: Apportation
   890 | D:9      | Found an opulent altar of Gozag.
   911 | D:9      | Reached skill level 1 in Translocations
   928 | D:9      | Found a stormy altar of Qazlal.
   941 | D:10     | Entered Level 10 of the Dungeon
   982 | D:9      | Reached skill level 8 in Axes
  1008 | D:9      | Reached skill level 5 in Invocations
  1013 | D:9      | Reached XP level 8. HP: 51/73 MP: 9/9
  1136 | D:9      | Reached skill level 5 in Fighting
  1289 | D:10     | Reached skill level 9 in Axes
  1352 | D:10     | Noticed a troll
  1372 | D:10     | Killed a troll
  1395 | D:10     | Gained mutation: You passively map the area around you.
                  | [Deep Dwarf growth]
  1395 | D:10     | Reached XP level 9. HP: 49/81 MP: 9/9
  1435 | D:10     | Reached ** piety under Makhleb
  1465 | D:10     | Reached skill level 10 in Axes
  1686 | D:12     | Found a staircase to the Orcish Mines.
  1686 | D:12     | Noticed a troll
  1708 | D:12     | Killed a troll
  1708 | D:12     | Reached skill level 5 in Translocations
  1778 | D:12     | Reached *** piety under Makhleb
  1778 | D:12     | Reached skill level 11 in Axes
  1778 | D:12     | Reached XP level 10. HP: 61/92 MP: 10/10
  1812 | Orc:1    | Entered Level 1 of the Orcish Mines
  1854 | Orc:1    | HP: 3/92 [orc warrior/+0 flail of draining (10)]
  1878 | Orc:2    | Entered Level 2 of the Orcish Mines
  1989 | Orc:2    | Noticed an orc sorcerer
  1998 | Orc:2    | Noticed Saint Roka
  1998 | Orc:2    | Slain by a chaos spawn

Illustrated notes

Levels and vault maps discovered:
D:3:      layout_loops_ring, palyth_stone_intersect, minmay_gold_behind_fungi,
          minmay_joined_circles, uniq_terence
D:4:      layout_loops_ring, lemuel_round_altar, lemuel_round_altar,
          minmay_temple_entry_mini_moons
D:5:      layout_basic, gammafunk_temple_overflow_wave, uniq_edmund
D:6:      layout_basic, xom_butterflies, lemuel_crystal_altar
D:7:      layout_loops_cross, lemuel_doored_altar, kennysheep_diamond,
          bloody_trog
D:8:      layout_basic, nemelex_xobeh_ov_fountains_minmay,
          nicolae_overflow_quartered_altars, minivault_4
D:9:      minmay_the_grid_square_5x5_3x3 [minmay_the_grid_square_5x5_lines,
          minmay_the_grid_square_5x5_shrine1, minmay_the_grid_square_5x5_mess,
          minmay_the_grid_square_5x5_inner_v,
          minmay_the_grid_square_5x5_megaprize_hollow,
          minmay_the_grid_square_5x5_eight,
          minmay_the_grid_square_5x5_pentomino_r,
          minmay_the_grid_square_5x5_minimal,
          minmay_the_grid_square_5x5_broken_cross], layout_irregular_city,
          grunt_qazlal_sundering, basic_altar, serial_park_tiny_2,
          kennysheep_crisscross, nicolae_gozag_cash_rules_everything_around_me
D:10:     layout_roguey
D:11:     layout_basic, lair_entry_dummy, serial_curves, eino_curves_03,
          eino_curves_03, minmay_strange_pillars
D:12:     layout_roguey, kennysheep_orc_monster_closet_entryway, minivault_15
Temple:   pf_slime_end_temple
Orc:1:    layout_diamond_mine, uniq_erica, uniq_josephine
Orc:2:    st_orc_pillars, layout_caves, serial_shops, shop, roderic_batcave,
          uniq_sonja, uniq_saint_roka, uniq_donald

Skill      XL: |  1  2  3  4  5  6  7  8  9 10 |
---------------+-------------------------------+-----
Axes           | 3 4 5 6 8 9 11 | 11.4
Fighting       | 3 4 5 6 |  6.7
Invocations    | 1 2 3 5 6 8 |  8.8
Translocations | 1 3 5 6 |  6.1
Dodging        | |  2.1
Stealth        | |  6.0

Action                   |  1- 3 |  4- 6 |  7- 9 | 10-12 || total
-------------------------+-------+-------+-------+-------++-------
Melee: Hand axe          |     3 |       |       |       ||     3
       Broad axe         |    23 |    83 |   334 |    84 ||   524
Invok: Lesser Servant of |       |       |       |     3 ||     3
 Abil: Heal Wounds       |       |     8 |    25 |    26 ||    59
Evoke: Wand              |       |     2 |       |       ||     2
  Use: Scroll            |     2 |     1 |     5 |       ||     8
       Potion            |       |       |       |     1 ||     1
 Stab: Sleeping          |     1 |     1 |       |       ||     2
       Paralysed         |       |     2 |       |       ||     2
       Distracted        |       |       |       |     2 ||     2
Armor: Leather armour    |     6 |       |       |       ||     6
       Scale mail        |     2 |    47 |    30 |       ||    79
       Chain mail        |       |       |   120 |       ||   120
       Plate armour      |       |       |    50 |    69 ||   119
Dodge: Dodged            |    17 |    60 |   159 |    24 ||   260
Block: Buckler           |       |     9 |    56 |     5 ||    70
       Kite shield       |       |       |       |    57 ||    57

Table legend: (Time is in decaauts)
 A = Elapsed time spent in this place.
 B = Non-inter-level travel time spent in this place.
 C = Inter-level travel time spent in this place.
 D = Time resting spent in this place.
 E = Time spent auto-exploring this place.
 F = Levels seen in this place.
 G = Mean time per level.
                   A        B        C        D        E       F      G
               +--------+--------+--------+--------+--------+-----+--------+
         Total |   2122 |   2082 |     40 |      0 |      0 |  13 |  163.2 |
       Dungeon |   1859 |   1830 |     29 |      0 |      0 |  10 |  185.9 |
        Temple |     50 |     39 |     11 |      0 |      0 |   1 |   50.0 |
  Orcish Mines |    211 |    211 |      0 |      0 |      0 |   2 |  105.5 |
               +--------+--------+--------+--------+--------+-----+--------+

Top non-repeatable levels by time:
     D:9: 484 daAuts
    D:10: 351 daAuts
     D:8: 273 daAuts
    D:12: 221 daAuts
     D:7: 160 daAuts
     D:6: 155 daAuts
   Orc:2: 136 daAuts
     D:5: 120 daAuts
   Orc:1: 75 daAuts
  Temple: 50 daAuts
     D:4: 49 daAuts
    D:11: 40 daAuts
     D:3: 1 daAuts
